 Dungeon Crawl Stone Soup version 0.30-a0-782-ge64f9170bb (webtiles) character file.

Game seed: 10819794852333455641

523 tilp the Slasher (level 7, -10/61 HPs)
             Began as a Meteoran Fighter on Mar 13, 2023.
             Mangled by an ogre
             ... wielding a +0 giant spiked club
              (17 damage)
             ... on level 5 of the Dungeon.
             The game lasted 00:04:14 (903 turns).

tilp the Slasher (Meteoran Fighter)                  Turns: 903, Time: 00:04:14

Health: -10/61     AC:  8    Str: 18    XL:     7   Next: 75%
Magic:  8/8        EV: 10    Int:  9    God:
Gold:   53         SH:  5    Dex: 16    Spells: 6/6 levels left

rFire   . . .      SeeInvis .    a - +0 long sword
rCold   . . .      Faith    .    c - +0 buckler
rNeg    . . .      Spirit   .    b - +0 scale mail
rPois   .          Reflect  .    (no helmet)
rElec   .          Harm     .    (no cloak)
rCorr   .          Rampage  .    (no gloves)
Will    .....                    i - +0 pair of boots Stlth
                                 (no amulet)
HPRegen 0.30/turn                (no ring)
MPRegen 0.11/turn                (no ring)

@: glowing
A: sense surroundings 1, otherworldly, glowing, explore regen
a: no special abilities


You were on level 5 of the Dungeon.
You visited 1 branch of the dungeon, and saw 5 of its levels.
You also visited: Sewer.

You collected 53 gold pieces.

Inventory:

Hand Weapons
 a - a +0 long sword (weapon)
Missiles
 h - 22 stones
 l - 6 poisoned darts (quivered)
Armour
 b - a +0 scale mail (worn)
 c - a +0 buckler (worn)
 i - a +0 pair of boots (worn)
Wands
 n - a wand of polymorph (3)
Scrolls
 e - a scroll of fear {unknown}
 f - a scroll of summoning
 g - a scroll of enchant armour {unknown}
 j - 2 scrolls of identify {unknown}
Potions
 d - a potion of haste {unknown}
 k - a potion of invisibility {unknown}
 m - 2 potions of cancellation {unknown}


   Skills:
 * Level 5.0 Fighting
 * Level 6.8 Long Blades
 + Level 1.9 Throwing
 - Level 4.0 Armour
 + Level 2.9 Dodging
 - Level 4.0 Shields


You had 6 spell levels left.
You didn't know any spells.
Your spell library was empty.

Dungeon Overview and Level Annotations

Branches:
Dungeon (5/15) Zot: 2181    Sewer (visited)
 Temple: D:4-7

Altars:
Ashenzari
Xom

Shops:
D:3 (


Innate Abilities, Weirdness & Mutations

You passively map a small area around you.
You are easily found by Zot.
You glow in the dark.
You regain HP and MP as you explore.


Message History

The hound is heavily wounded.
The hound barely misses you. The hound bites you but does no damage.
You hit the hound.
The hound is severely wounded.
An ogre comes into view. It is wielding a +0 giant spiked club.
The hound bites you.
You barely miss the hound.
The hound is severely wounded.
The ogre shouts!
The hound bites you but does no damage. x2
You completely miss the hound.
The hound is severely wounded.
The hound bites you but does no damage. The hound bites you.
* * * LOW HITPOINT WARNING * * *
You hit the hound.
The hound is almost dead.
The hound bites you but does no damage. x2
You barely miss the hound.
The hound is almost dead.
You block the hound's attack.
You hit the hound.
The hound is almost dead.
The hound bites you.
* * * LOW HITPOINT WARNING * * *
The hound bites you.
* * * LOW HITPOINT WARNING * * *
You slash the hound!
You kill the hound!
Your Fighting skill increases to level 5!
Throw: 6 darts (poison)
Press: ? - help, Q - select action, (/) - cycle Shift-Dir - straight line, f - ogre
Aim: an ogre, wielding a +0 giant spiked club (76% to hit)
Okay, then.
You hit the ogre but do no damage.
The ogre hits you with a +0 giant spiked club!
* * * LOW HITPOINT WARNING * * *
You hit the ogre.
The ogre is lightly wounded.
The ogre hits you with a +0 giant spiked club!
You die...

* #.....# ,
#...... ,,
#.....#* , * *
###...#.## . #.
...[.., . #.
#.##.# .#*
#.##.##.##.# , *
#.@O.......##.
##.##.#...#....#
*...##.......###<*
#.#.......######.#
#.####..†.#......#
###.#######...#
#.......##...##
#.$<..<....###
#....†).####* *


You could see an ogre.

Vanquished Creatures
  Grinder (D:3)
  Pargi (Sewer)
  A hound (D:5)
  An iguana (D:5)
  Ijyb (D:5)
  Natasha (twice) (D:3)
  6 adders
  A worm (D:3)
  2 dart slugs
  An endoplasm (D:2)
  2 giant cockroaches (D:4)
  3 hobgoblins
  4 jackals (D:2)
  2 kobolds (D:3)
  3 quokkas (D:2)
  5 ball pythons
  A bat (D:2)
  5 frilled lizards
  2 rats (D:3)
44 creatures vanquished.

Notes
Turn   | Place    | Note
-------+----------+-------------------------------------------
     0 | D:1      | tilp the Meteoran Fighter began the quest for the Orb.
     0 | D:1      | Reached XP level 1. HP: 19/19 MP: 2/2
    52 | D:2      | Reached XP level 2. HP: 17/26 MP: 3/3
   159 | D:3      | Reached skill level 3 in Long Blades
   159 | D:3      | Reached skill level 1 in Dodging
   172 | D:3      | Reached XP level 3. HP: 31/31 MP: 4/4
   176 | D:3      | Found a broken altar of Ashenzari.
   215 | D:3      | Found Wittune's Antique Weapon Boutique.
   216 | D:3      | Noticed Grinder
   231 | D:3      | Paralysed by Grinder for 2 turns
   236 | D:3      | Killed Grinder
   237 | D:3      | Reached skill level 6 in Long Blades
   237 | D:3      | Reached XP level 4. HP: 12/40 MP: 5/5
   237 | D:3      | Reached XP level 5. HP: 14/46 MP: 6/6
   237 | D:3      | Reached XP level 6. HP: 16/52 MP: 7/7
   280 | D:3      | Noticed Natasha
   283 | D:3      | Killed Natasha
   368 | D:3      | Found a glowing drain.
   380 | Sewer    | Entered a sewer
   395 | Sewer    | Noticed Pargi
   456 | Sewer    | Reached skill level 1 in Throwing
   464 | Sewer    | Killed Pargi
   465 | Sewer    | Reached XP level 7. HP: 46/60 MP: 8/8
   553 | D:3      | Noticed Natasha
   560 | D:3      | Killed Natasha
   744 | D:4      | Found a shimmering altar of Xom.
   818 | D:5      | Entered Level 5 of the Dungeon
   818 | D:5      | Noticed Ijyb
   854 | D:5      | Killed Ijyb
   902 | D:5      | Reached skill level 5 in Fighting
   903 | D:5      | Mangled by an ogre

Illustrated notes

Levels and vault maps discovered:
D:1:      heliophobic_arrival_battle_scene, layout_basic, minmay_pentomino_s2
D:2:      kennysheep_the_goblin_king, layout_rooms
D:3:      layout_basic, lemuel_doored_altar, serial_shops, nicolae_square_shop,
          dreamdust_ecumenical_altar_drowned_temple, portal_sewer_entry_a,
          uniq_grinder, uniq_natasha
D:4:      layout_rooms, slow_altar_2, mainiacjoe_overflow_surrounded_room,
          uniq_blork_the_orc
D:5:      kb_forest_paths, layout_rooms, hangedman_abyss_or_decor_lesser_grid,
          uniq_ijyb

Skill      XL: |  1  2  3  4  5  6  7 |
---------------+----------------------+-----
Long Blades    | 3 6 |  6.8
Dodging        | 1 2 |  2.9
Fighting       | 4 5 |  5.0
Throwing       | 1 |  1.9
Armour         | 4 |  4.0
Shields        | 4 |  4.0

Action                     |  1- 3 |  4- 6 |  7- 9 || total
---------------------------+-------+-------+-------++-------
  Melee: Long sword        |    44 |    41 |    95 ||   180
         Unarmed           |       |       |    23 ||    23
    Use: Potion            |     1 |     4 |       ||     5
         Scroll            |       |     1 |     1 ||     2
 Armour: Scale mail        |    23 |    44 |    64 ||   131
  Dodge: Dodged            |    23 |    37 |    54 ||   114
  Block: Buckler           |     8 |    30 |    32 ||    70

Table legend: (Time is in decaauts)
 A = Elapsed time spent in this place.
 B = Non-inter-level travel time spent in this place.
 C = Inter-level travel time spent in this place.
 D = Time resting spent in this place.
 E = Time spent auto-exploring this place.
 F = Levels seen in this place.
 G = Mean time per level.
                   A        B        C        D        E       F      G
               +--------+--------+--------+--------+--------+-----+--------+
         Total |    931 |    816 |    115 |      0 |      0 |   6 |  155.2 |
       Dungeon |    817 |    702 |    115 |      0 |      0 |   5 |  163.4 |
         Sewer |    113 |    113 |      0 |      0 |      0 |   1 |  113.0 |
               +--------+--------+--------+--------+--------+-----+--------+

Top non-repeatable levels by time:
     D:3: 531 daAuts
     D:2: 134 daAuts
   Sewer: 113 daAuts
     D:5: 85 daAuts
     D:4: 46 daAuts
     D:1: 19 daAuts
